Unix NetHack Version 5.0.0-0 post-release - last build May 23 2026 06:08:33 (1c0ff79ee797540d5714e4e18072db0edd9e58ae,branch:main).

Game began 2026-05-29 04:19:12, ended 2026-05-29 05:01:38.

IanCurtis, chaotic male elven Wizard

                           ---
                           |.---
        ---                |...|              ...`........---
       --.--               --..--   ------   -..............|
       |...|               --...| ---....-----..--..--......|
       |...|               |....| |...|.....................--
       ---.#               --...| |.--|.--------------..i...i---
         |.-#---            |...| |.| ---            -..|.i.G@.-
         |.....--   --....  |...---.|                 ..|--.Ge...
         -----..|   |....----.......|                      -....
             --.--- |^.[.........----                       ---
              |...| -...*-.----.--
             --...--.--#...---|.|
             |.......---.[...-|.--
             --.......#.(..<.*|..--#
            ---............)......#
            |.....................|
            #.(..#.|..........-----
            -##.#-----.|.---.--
              ##-    ----- ---
IanCurtis the Thaumaturge  St:11 Dx:13 Co:16 In:16 Wi:13 Ch:10  Chaotic
Dlvl:4  $:2152 HP:0(52) Pw:67(68) AC:8  Xp:6 T:4966 

Latest messages:
 What do you want to use or apply? [cdk-ouyIJSZ or ?*] ?
 Your lamp is now on.
 You see here a sling.
 Something is engraved here on the headstone.
 You read: "kodon, killed by a dwarf".
 You miss the gray ooze.
 You hit the gray ooze.
 The magic-absorbing blade cancels the gray ooze!
 You are beginning to feel hungry.
 You miss the gray ooze.
 You kill the gray ooze!
 What do you want to eat? [pQ or ?*] ?
 This food really hits the spot!
 You finish eating the food ration.
 In what direction? j
 The spell hits the floating eye!
 The floating eye resists!
 The magic-absorbing blade scares the floating eye!
 The floating eye resists!
 The floating eye is stunned.
 You feel more confident in your weapon skills.
 You are frozen by the floating eye's gaze!
 The gnome shoots an arrow!
 You are hit by an arrow.
 The gnome shoots an arrow!
 You are hit by an arrow.
 The gnome hits!
 The gnome hits!
 The gnome hits!
 The gnome shoots an arrow!
 You are hit by an arrow.
 The gnome hits!
 The gnome hits!
 The gnome shoots an arrow!
 You are hit by an arrow.
 The gnome hits!
 The gnome hits!
 The gnome hits!
 The gnome hits!
 The gnome hits!
 The manes hits!
 The manes hits again!
 The manes bites!
 The gnome hits!
 The manes hits!
 The manes hits again!
 The manes bites!
 The gnome hits!
 You die...
 Do you want your possessions identified? [ynq] (y) q

Inventory:
 Coins    ('$')
  $ - 2152 gold pieces
 Amulets  ('"')
  z - an uncursed amulet versus poison
 Weapons  (')')
  a - the rustproof +0 Magicbane (weapon in right hand)
  V - a blessed +1 quarterstaff
 Armor    ('[')
  P - an uncursed +0 orcish helm (being worn)
  b - an uncursed +0 cloak of magic resistance (being worn)
 Comestibles  ('%')
  Q - 2 cursed food rations
 Scrolls  ('?')
  s - an uncursed scroll of blank paper
  j - an uncursed scroll of create monster
  U - a blessed scroll of earth
  C - an uncursed scroll of genocide
  r - an uncursed scroll of identify
  H - a cursed scroll of identify named identify
  i - an uncursed scroll of magic mapping
  B - an uncursed scroll of taming
 Spellbooks  ('+')
  I - an uncursed spellbook of cause fear
  m - an uncursed spellbook of extra healing
  l - a blessed spellbook of force bolt
 Potions  ('!')
  h - an uncursed potion of invisibility
  F - a cursed potion of levitation
  f - an uncursed potion of object detection
  K - an uncursed potion of water
 Rings    ('=')
  e - an uncursed +2 ring of adornment
  G - an uncursed ring of conflict
  w - an uncursed +4 ring of gain strength
  v - an uncursed +2 ring of increase damage
 Wands    ('/')
  S - a blessed wand of polymorph (0:4)
  y - a wand of polymorph (0:8)
  c - a wand of slow monster (0:6)
 Tools    ('(')
  o - an uncursed leather drum
  u - a cursed magic lamp named magic (lit)
  n - a magic marker (0:20)
  d - a +0 pick-axe
  k - an uncursed skeleton key
  Z - an uncursed wax candle
 Gems/Stones  ('*')
  J - an uncursed luckstone

IanCurtis the Wizard's attributes:

Background:
 You were a Thaumaturge, a level 6 male elven Wizard.
 You were chaotic, on a mission for Anhur
 who was opposed by Ptah (lawful) and Thoth (neutral).
 You were right-handed.
 You were in the Gnomish Mines, on level 4.
 You entered the dungeon 4966 turns ago.
 It was nighttime.
 You had 496 experience points, 144 more were needed to attain level 7.

Basics:
 You had 0 out of 52 hit points.
 You had 67 out of 68 energy points (spell power).
 Your armor class was 8.
 Your wallet contained 2152 zorkmids.
 Autopickup was off.

Final Characteristics:
 Your strength was 11 (limit:18).
 Your dexterity was 13 (limit:18).
 Your constitution was 16 (limit:16).
 Your intelligence was 16 (limit:20).
 Your wisdom was 13 (limit:20).
 Your charisma was 10 (limit:18).

Final Status:
 You weren't hungry.
 You were unencumbered.
 You were wielding a dagger.
 You were unskilled in dagger and could have enhanced that.

Final Attributes:
 You were piously aligned.
 You were magic-protected.
 You were sleep resistant.
 You had infravision.
 You were warded.
 You were very lucky.
 You had extra luck.
 Bad luck did not time out for you.
 Good luck did not time out for you.
 You are dead.

Miscellaneous:
 You encountered 1 bones level.
 Total elapsed playing time was 42 minutes and 25 seconds.

Major events:
 Turn
    1: IanCurtis the chaotic male elven Wizard entered the dungeon
  859: attained the rank of Conjurer (level 3)
 1701: entered the Gnomish Mines
 3025: was bestowed with Magicbane by Anhur
 3133: attained the rank of Thaumaturge (level 6)
 4966: killed by a gnome, while frozen by a floating eye's gaze

Spells:
 Name                 Level Category     Fail Retention
 force bolt             1   attack         0%   71%-80%
 extra healing          3   healing       97%  76%-100%
 cause fear             3   enchantment   12%  91%-100%

Skills:
 Fighting Skills
   bare handed combat [Unskilled]
   riding             [Unskilled]
 Weapon Skills
   dagger             [Unskilled]
   knife              [Unskilled]
   axe                [Unskilled]
   short sword        [Unskilled]
   club               [Unskilled]
   mace               [Unskilled]
   quarterstaff       [Basic]
   polearms           [Unskilled]
   spear              [Unskilled]
   trident            [Unskilled]
   sling              [Unskilled]
   dart               [Unskilled]
   shuriken           [Unskilled]
 Spellcasting Skills
   attack spells      [Basic]
   healing spells     [Unskilled]
   divination spells  [Unskilled]
   enchantment spells [Basic]
   clerical spells    [Unskilled]
   escape spells      [Unskilled]
   matter spells      [Unskilled]

Voluntary challenges:
 Character rerolling was not enabled.
 You never genocided any monsters.
 You never polymorphed an object.
 You never changed form.
 You used no wishes.
Achievements:
 You entered a shop.
 You attained the rank of Conjurer.
 You entered the Gnomish Mines.
 You attained the rank of Thaumaturge.

 The Dungeons of Doom: levels 1 to 4
    Level 1:
    Level 2:
       A general store.
    Level 3:
       An altar to Anhur, many fountains.
       Stairs down to The Gnomish Mines.
    Level 4:
 The Gnomish Mines:
    Level 4: <- You were here.
       Some graves.
       Final resting place for
          you, killed by a gnome, while frozen by a floating eye's gaze,
          kodon-Wiz-Hum-Mal-Neu, killed by a dwarf,
          ubiquity-Pri-Elf-Mal-Cha, killed by an invisible gnome lord, while praying.


Vanquished creatures:
  2 ghosts
  a leprechaun
  2 rock moles
  a pony
  a gnome leader
  2 gray oozes
  a paper golem
  a giant ant
  a floating eye
  3 kittens
  2 dwarves
  a kobold leader
  3 hill orcs
  2 rothes
  a monkey
 an iguana
  2 acid blobs
  a coyote
  3 hobbits
  2 giant rats
  3 yellow molds
  9 gnomes
  3 garter snakes
  3 geckos
  3 jackals
  a fox
  a kobold
  4 goblins
  3 sewer rats
  5 grid bugs
  2 lichens
  2 kobold zombies
 11 newts
83 creatures vanquished.

No species were genocided or became extinct.

Game over:
                       ----------
                      /          \
                     /    REST    \
                    /      IN      \
                   /     PEACE      \
                  /                  \
                  |    IanCurtis     |
                  |     2152 Au      |
                  |   killed by a    |
                  |      gnome       |
                  |                  |
                  |                  |
                  |       2026       |
                 *|     *  *  *      | *
        _________)/\\_//(\/(/\)/\//\/|_)_______

Goodbye IanCurtis the Wizard...

You died in The Gnomish Mines on dungeon level 4 with 4071 points,
and 2152 pieces of gold, after 4966 moves.
You were level 6 with a maximum of 52 hit points when you died.

